 Dungeon Crawl Stone Soup version 0.21-a0-531-gacddea6 (webtiles) character file.

2866 mortelune the Destroyer (level 9, -1/45 HPs)
             Began as a Deep Elf Fire Elementalist on Dec 14, 2017.
             Was a Follower of Vehumet.
             Slain by a wolf (2 damage)
             ... led by Grum
             ... on level 9 of the Dungeon.
             The game lasted 00:36:02 (11394 turns).

mortelune the Destroyer (DEFE)                     Turns: 11394, Time: 00:36:03

Health: -1/45      AC:  6    Str:  7    XL:     9   Next: 47%
Magic:  24/24      EV: 13    Int: 22    God:    Vehumet [*.....]
Gold:   251        SH:  0    Dex: 15    Spells: 11/26 levels left

rFire    + . .     SeeInvis +   B - +1 dagger (venom)
rCold    . . .     Gourm    .   (no shield)
rNeg     . . .     Faith    .   F - +1 robe {rF+}
rPois    .         Spirit   .   (no helmet)
rElec    .         Reflect  .   A - +1 cloak
rCorr    +         Harm     .   (no gloves)
MR       .....                  G - +0 pair of boots
Stlth    ++........             (no amulet)
HPRegen  0.15/turn              l - ring of resist corrosion
MPRegen  0.19/turn              r - ring of see invisible

@: very slightly contaminated, drained
A: no striking features
a: Renounce Religion


You were on level 9 of the Dungeon.
You worshipped Vehumet.
Vehumet was aware of your devotion.
You were not hungry.

You visited 2 branches of the dungeon, and saw 9 of its levels.

You collected 416 gold pieces.
You spent 165 gold pieces at shops.

Inventory:

Hand Weapons
 e - a +0 spear
 i - a +1 short sword of holy wrath
 w - a +2 trident
 B - a +1 dagger of venom (weapon)
 E - a cursed -1 short sword
Armour
 A - a +1 cloak (worn)
 F - a +1 robe of fire resistance (worn)
 G - a +0 pair of boots (worn)
Jewellery
 l - a ring of resist corrosion (left hand)
 m - an uncursed ring of wizardry
 r - a ring of see invisible (right hand)
Wands
 k - a wand of iceblast (7)
 x - a wand of acid (11)
 C - a wand of enslavement (6)
Scrolls
 c - 2 scrolls of magic mapping
 d - a scroll of identify
 j - a scroll of fear
 p - a scroll of immolation {unknown}
 s - a scroll of amnesia {unknown}
 t - 3 scrolls of enchant weapon
 v - 2 scrolls of teleportation {unknown}
Potions
 f - 4 potions of degeneration
 g - 3 potions of agility
 h - 4 potions of lignification
 o - 4 potions of curing
 q - a potion of ambrosia
 u - 3 potions of flight
 z - 3 potions of heal wounds
 H - a potion of cancellation {unknown}
 I - a potion of berserk rage
Books
 b - a book of Flames

   Spells                             Type                      Level
   a - Flame Tongue                   Conjuration/Fire             1
   b - Throw Flame                    Conjuration/Fire             2
   c - Conjure Flame                  Conjuration/Fire             3
   d - Inner Flame                    Hexes/Fire                   3
   e - Sticky Flame                   Conjuration/Fire             4
   f - Fireball                       Conjuration/Fire             5
Comestibles
 D - 4 fruits
 J - 13 chunks of flesh


   Skills:
 - Level 2.4(2.1) Dodging
 - Level 2.4(2.1) Stealth
 + Level 9.1(8.7) Spellcasting
 * Level 10.2(9.8) Conjurations
 + Level 7.9(7.6) Fire Magic


You had 11 spell levels left.
You knew the following spells:

 Your Spells              Type           Power        Failure   Level  Hunger
a - Flame Tongue          Conj/Fire      #####        1%          1    None
b - Throw Flame           Conj/Fire      #####.       1%          2    None
c - Conjure Flame         Conj/Fire      #####...     1%          3    None
d - Sticky Flame          Conj/Fire      #####...     1%          4    ##.....
e - Fireball              Conj/Fire      #####.....   5%          5    #####..


Dungeon Overview and Level Annotations

Branches:
Dungeon (7/15)             Temple (1/1) D:5

Altars:
Gozag
Uskayaw
Vehumet
Wu Jian

Shops:
D:4 !==!   D:5 *   D:9 [

Annotations:
D:9 Grum


Message History

The wolf bites you! The wolf misses you. The wight closely misses you.
The wolf closely misses you. The wolf misses you.
There is an open door here.
The wolf closely misses you. The wolf bites you. The wolf barely misses you.
Okay, then.
Okay, then.
As you read the scroll of fog, it crumbles to dust.
The scroll dissolves into smoke.
The wolf barely misses you.
You hear a distant blaring wail to the north.
The wolf bites you!
* * * LOW HITPOINT WARNING * * *
The wolf barely misses you.
The wight hits you from afar with an enchanted spear.
* * * LOW HITPOINT WARNING * * *
The wolf bites you.
* * * LOW HITPOINT WARNING * * *
The wolf misses you. The wolf closely misses you. The wolf bites you.
You die...

###############
#......##.§§§.#
######.(..Wz##§§§§.#
$..........zz'zh§§..#
#..........Yr##h@####
#........Y...###§#
#..................
#.Y.....########.##.
'........ ... .#
#.......# .#. #
...?... . .. ..##...
## .. ... P.


You could see 2 wolves and a wight.

Vanquished Creatures
  The ghost of mortelune the Conjurer, a novice DECj of Vehumet (D:5)
  Prince Ribbit (D:5)
  Sigmund (D:4)
  Eustachio (D:6)
  A water moccasin (D:6)
  A phantom (D:4)
  A sky beast (D:5)
  5 ogres
  3 centaurs
  A crocodile (D:7)
  4 wights (D:3)
  4 howler monkeys
  A crimson imp (D:4)
  A bullfrog zombie (D:7)
  A quasit (D:6)
  An orc priest (D:4)
  Crazy Yiuf (D:3)
  A bullfrog skeleton (D:4)
  An iguana (D:7)
  Jessica (D:3)
  Ijyb (D:4)
  Natasha (twice) (D:3)
  6 orc wizards
  3 worker ants
  A hound skeleton (D:4)
  8 gnolls
  6 adders
  A shadow imp (D:6)
  An ooze (D:1)
  2 adder zombies
  3 adder skeletons
  4 worms
  2 dart slugs
  3 leopard geckos
  23 orcs
  3 ball pythons (D:3)
  9 bats
  3 giant cockroaches (D:3)
  3 goblins
  6 hobgoblins
  5 jackals
  4 kobolds
  4 quokkas
  A ball python skeleton (D:5)
  6 frilled lizards
  A jackal skeleton (D:5)
  A leopard gecko skeleton (D:5)
  2 quokka skeletons
  8 rats
  A fungus (D:2)
155 creatures vanquished.

Notes
Turn   | Place    | Note
-------+----------+-------------------------------------------
     0 | D:1      | mortelune the Deep Elf Fire Elementalist began the quest for the Orb.
     0 | D:1      | Reached XP level 1. HP: 10/10 MP: 6/6
   335 | D:1      | Reached XP level 2. HP: 15/15 MP: 6/8
   378 | D:1      | Learned a level 2 spell: Throw Flame
   444 | D:1      | Reached skill level 2 in Conjurations
  1266 | D:2      | Reached XP level 3. HP: 19/19 MP: 2/10
  1335 | D:2      | Learned a level 3 spell: Conjure Flame
  2572 | D:3      | Reached skill level 3 in Conjurations
  2818 | D:3      | Reached XP level 4. HP: 24/24 MP: 3/11
  2887 | D:3      | Noticed Jessica
  2890 | D:3      | Killed Jessica
  3086 | D:3      | Reached XP level 5. HP: 14/28 MP: 4/13
  3285 | D:3      | Learned a level 4 spell: Sticky Flame
  3533 | D:3      | Reached skill level 4 in Conjurations
  3753 | D:3      | Noticed Natasha
  3756 | D:3      | Killed Natasha
  4059 | D:3      | Reached XP level 6. HP: 17/32 MP: 1/15
  4244 | D:3      | Reached skill level 5 in Spellcasting
  4412 | D:3      | Reached skill level 5 in Conjurations
  4720 | D:3      | Noticed Natasha
  4725 | D:3      | Killed Natasha
  4725 | D:3      | Reached skill level 5 in Fire Magic
  4822 | D:3      | Found a runed door.
  5590 | D:4      | Found Tibiukyps's Distillery.
  5593 | D:4      | Found Laediaf's Jewellery Emporium.
  5595 | D:4      | Found Qeuphis's Jewellery Emporium.
  5596 | D:4      | Found Gassyney's Distillery.
  5607 | D:4      | Bought a potion of haste for 110 gold pieces
  5607 | D:4      | Bought a potion of heal wounds for 55 gold pieces
  5746 | D:4      | Reached XP level 7. HP: 30/36 MP: 11/17
  6027 | D:4      | Learned a level 5 spell: Fireball
  6142 | D:4      | Reached skill level 6 in Conjurations
  6343 | D:4      | Noticed Ijyb
  6348 | D:4      | Killed Ijyb
  6565 | D:4      | Noticed Sigmund
  7056 | D:4      | Killed Sigmund
  7377 | D:3      | Noticed Crazy Yiuf
  7386 | D:3      | Killed Crazy Yiuf
  7386 | D:3      | Reached skill level 7 in Conjurations
  7510 | D:5      | Entered Level 5 of the Dungeon
  7523 | D:5      | Reached XP level 8. HP: 41/41 MP: 10/20
  7687 | D:5      | Found a staircase to the Ecumenical Temple.
  7701 | Temple   | Entered the Ecumenical Temple
  7757 | Temple   | Became a worshipper of Vehumet
  8228 | D:5      | Found an opulent altar of Gozag.
  8434 | D:5      | Noticed mortelune's ghost (novice DECj)
  8497 | D:5      | Killed mortelune's ghost
  8497 | D:5      | Reached skill level 8 in Conjurations
  9225 | D:5      | Noticed Prince Ribbit
  9228 | D:5      | Killed Prince Ribbit
  9228 | D:5      | Reached skill level 9 in Conjurations
  9340 | D:5      | Found Luxkiaro's Assorted Antiques.
  9454 | D:5      | Reached * piety under Vehumet
  9454 | D:5      | Offered knowledge of Freeze by Vehumet.
  9608 | D:5      | Reached XP level 9. HP: 45/45 MP: 11/23
 10249 | D:6      | Noticed Eustachio
 10263 | D:6      | Killed Eustachio
 10960 | D:7      | Reached skill level 10 in Conjurations
 11374 | D:7      | You fall through a shaft for 2 floors!
 11374 | D:9      | Found Bohac's Antique Armour Shop.
 11379 | D:9      | Noticed Grum
 11394 | D:9      | HP: 1/45 [wolf[Grum] (2)]
 11394 | D:9      | Slain by a wolf

Vault maps used:
D:1:      dpeg_arrival_shrine
D:2:      minmay_gold_behind_fungi
D:3:      first_bread, uniq_jessica, uniq_natasha, uniq_crazy_yiuf_cottage
D:4:      grunt_ministairs_3, minmay_shop_grid_forest, uniq_ijyb, uniq_sigmund
D:5:      grunt_gozag_statues, minmay_temple_entry_grid, serial_shops,
          kennysheep_mini_moat, uniq_prince_ribbit1
D:6:      uniq_eustachio
D:9:      minmay_lair_entry_grove, serial_shops, shop, basic_altar, uniq_psyche,
          uniq_grum, uniq_maurice, uniq_pikel
Temple:   minmay_crystal_snake_temple

Skill      XL: |  1  2  3  4  5  6  7  8  9 |
---------------+----------------------------+-----
Conjurations   | 2 3 4 5 7 9 10 | 10.2
Spellcasting   | 4 5 6 8 9 |  9.1
Fire Magic     | 4 5 6 7 |  7.9
Dodging        | |  2.4
Stealth        | |  2.4

Action                   |  1- 3 |  4- 6 |  7- 9 || total
-------------------------+-------+-------+-------++-------
Melee: Short sword       |    23 |       |     5 ||    28
       Spear             |     3 |     5 |       ||     8
       Trident           |       |     9 |    35 ||    44
       Dagger            |       |       |    39 ||    39
 Cast: Flame Tongue      |    35 |    57 |    99 ||   191
       Throw Flame       |    32 |    46 |    86 ||   164
       Conjure Flame     |     2 |     5 |     7 ||    14
       Sticky Flame      |       |     4 |    23 ||    27
       Fireball          |       |       |     4 ||     4
  Use: Scroll            |     4 |     2 |    10 ||    16
       Potion            |       |     1 |       ||     1
 Stab: Sleeping          |       |       |     1 ||     1
  Eat: Chunk             |     3 |     9 |    12 ||    24
       Bread ration      |     1 |       |     2 ||     3
Armor: Robe              |     1 |     5 |    26 ||    32
Dodge: Dodged            |     6 |    17 |    95 ||   118

Table legend:
 A = Spawn XP
 B = Non-spawn XP
 C = Spawn XP percentage of total XP
 D = Spawn monster count
 E = Non-spawn monster count
 F = Spawn count percentage of total count
 G = Total turns spent on level
                    A         B        C        D         E        F      G
               +---------+---------+-------+---------+---------+-------+---------
         Total |       0 |    4095 |   0.0 |       0 |     154 |   0.0 | 11394
               +---------+---------+-------+---------+---------+-------+---------
           D:1 |       0 |      27 |   0.0 |       0 |      12 |   0.0 |   970
           D:2 |       0 |      42 |   0.0 |       0 |      16 |   0.0 |  1499
           D:3 |       0 |     575 |   0.0 |       0 |      38 |   0.0 |  2975
           D:4 |       0 |     875 |   0.0 |       0 |      32 |   0.0 |  2412
           D:5 |       0 |    1235 |   0.0 |       0 |      33 |   0.0 |  1522
           D:6 |       0 |    1015 |   0.0 |       0 |      16 |   0.0 |  1202
           D:7 |       0 |     320 |   0.0 |       0 |       5 |   0.0 |   468
        Temple |       0 |       6 |   0.0 |       0 |       2 |   0.0 |   326
               +---------+---------+-------+---------+---------+-------+---------
